 Dungeon Sprint DCSS version 0.13.2 (webtiles) character file.

3103 sanboga the Fighter (level 9, -27/85 HPs)
             Began as a Minotaur Fighter on Mar 15, 2017.
             Was an Elder of Okawaru.
             Killed from afar by a lindwurm (28 damage)
             ... with a blast of flame
             ... in the Dungeon (Sprint IX: "|||||||||||||||||||||||||||||").
             The game lasted 00:04:48 (1038 turns).

sanboga the Fighter (Minotaur Fighter)              Turns: 1038, Time: 00:04:48

HP -27/85        AC 18     Str 23      XL: 9   Next: 58%
MP   3/3         EV 12     Int  4 (8)  God: Okawaru [****..]
Gold 30          SH  0     Dex 14      Spells:  0 memorised,  8 levels left

Res.Fire  : . . .   See Invis. : .   o - +2 halberd (protect)
Res.Cold  : . . .   Warding    : .   p - +1 scale mail
Life Prot.: . . .   Conserve   : .   (no shield)
Res.Poison: .       Res.Corr.  : .   (helmet restricted)
Res.Elec. : .       Clarity    : .   (no cloak)
Sust.Abil.: . .     Spirit.Shd : .   c - +0 pair of gloves
Res.Mut.  : .       Prev.Telep.: +   a - +0 pair of boots
Res.Rott. : .       Flight     : .   (no amulet)
Saprovore : . . .                    b - +3 ring of dexterity
                                     q - +3 ring of intelligence

@: slightly resistant to hostile enchantments, extremely unstealthy
A: retaliatory headbutt, horns 2
a: Heroism, Renounce Religion


You were in the Dungeon.
You worshipped Okawaru.
Okawaru was greatly pleased with you.
You were hungry.

You visited 1 branch You collected 10 gold pieces.

Inventory:

Hand weapons
 o - a +2,+2 halberd of protection (weapon)
Armour
 a - a +0 pair of boots (worn)
 c - a +0 pair of gloves (worn)
 p - a +1 scale mail (worn)
Magical devices
 n - a wand of fire (13)
Comestibles
 d - a bread ration
Scrolls
 j - 3 scrolls of blinking
 l - 4 scrolls of remove curse
 m - a scroll of amnesia
 v - 3 scrolls of identify
Jewellery
 b - a +3 ring of dexterity (right hand)
 q - a +3 ring of intelligence (left hand)
Potions
 e - 7 potions of curing
 f - 3 potions of heal wounds
 g - a potion of speed
 h - 4 potions of magic
 i - a potion of berserk rage
 k - a potion of invisibility
 r - a potion of agility
 s - 2 potions of might
 t - a potion of cure mutation


   Skills:
 + Level 14.4 Fighting
 + Level 14.0 Polearms
 + Level 13.3 Armour
 + Level 8.7 Dodging
 + Level 0.5 Stealth
   Level 6.1 Shields


You had 8 spell levels left.
You didn't know any spells.

Dungeon Overview and Level Annotations

Branches:
Dungeon (1/1)

Altars:
Ashenzari
Cheibriados
Elyvilon
Fedhas
Kikubaaqudgha
Makhleb
Nemelex Xobeh
Okawaru
Sif Muna
Trog
Vehumet
Xom
Yredelemnul
Zin
the Shining One


Innate Abilities, Weirdness & Mutations

You reflexively headbutt those who attack you in melee.
You have a pair of horns on your head.


Message History

The bolt of fire misses the brain worm.
The bolt of fire hits the lindwurm.
The lindwurm is moderately wounded.
This wand has 14 charges left.
The brain worm's bulging head throbs.
Something tries to feed on your intellect!
Zapping:
n - a wand of fire (14)
Press: ? - help, Shift-Dir - straight line, f/p - lindwurm
Aim: a lindwurm (moderately wounded)
The bolt of fire hits the worm.
You kill the worm!
Okawaru accepts your kill.
The bolt of fire hits the lindwurm.
The lindwurm is heavily wounded.
The bolt of fire misses the brain worm.
The bolt of fire hits the lindwurm.
The lindwurm is moderately wounded.
This wand has 13 charges left.
The lindwurm breathes fire at you. The blast of flame hits you!
One of your 2 scrolls of amnesia catches fire!
You die...

#.#.#)#
#.#.#.#
#l#.#.#
#l#.#[#
#w#.#.#
#l#.#.#
#.#.#)#
#%#.#|#
#@#.#.#
#.#.#.#
#.#.#'#
#.#.#_#
#.#.#_#
#.#.#_#
#.#.#_#
#.#.#_#
#.#.#_#


You could see 3 lindwurms and a brain worm.

Vanquished Creatures
  A lindwurm (D)
  A cyclops (D)
  A spiny worm (D)
  A spiny frog (D)
  3 yaks (D)
  A porcupine (D)
  A necrophage (D)
  A yellow wasp (D)
  3 crocodiles (D)
  A water moccasin (D)
  A giant slug (D)
  2 big kobolds (D)
  A giant frog (D)
  An agate snail (D)
  A jelly (D)
  3 wights (D)
  A hound (D)
  A scorpion (D)
  A sheep (D)
  A green rat (D)
  2 adders (D)
  A giant centipede (D)
  3 worms (D)
  A bat (D)
  2 hobgoblins (D)
  2 jackals (D)
  2 giant geckos (D)
  A giant newt (D)
  A goblin (D)
  2 kobolds (D)
44 creatures vanquished.

Notes
Turn   | Place    | Note
--------------------------------------------------------------
     0 | D        | sanboga, the Minotaur Fighter, began the quest for the Orb.
     0 | D        | Reached XP level 1. HP: 19/19 MP: 0/0
    10 | D        | Reached skill level 4 in Fighting
    78 | D        | Noticed a jelly
    94 | D        | Killed a jelly
    94 | D        | Reached skill level 5 in Fighting
    94 | D        | Reached skill level 5 in Armour
    94 | D        | Reached skill level 6 in Shields
    94 | D        | Reached XP level 2. HP: 9/27 MP: 0/0
    94 | D        | Reached XP level 3. HP: 11/34 MP: 1/1
   109 | D        | Found a basalt altar of Yredelemnul.
   109 | D        | Found an iron altar of Okawaru.
   109 | D        | Found a shimmering altar of Xom.
   109 | D        | Found a blossoming altar of Fedhas.
   109 | D        | Found a white marble altar of Elyvilon.
   109 | D        | Found a blossoming altar of Fedhas.
   109 | D        | Found a sparkling altar of Nemelex Xobeh.
   110 | D        | Found a radiant altar of Vehumet.
   111 | D        | Found a bloodstained altar of Trog.
   112 | D        | Found a sparkling altar of Nemelex Xobeh.
   113 | D        | Found a deep blue altar of Sif Muna.
   114 | D        | Found a shattered altar of Ashenzari.
   115 | D        | Found a burning altar of Makhleb.
   116 | D        | Found a snail-covered altar of Cheibriados.
   117 | D        | Became a worshipper of Warmaster Okawaru
   258 | D        | Found a glowing silver altar of Zin.
   259 | D        | Found a glowing golden altar of the Shining One.
   260 | D        | Found an ancient bone altar of Kikubaaqudgha.
   368 | D        | Noticed a wight
   368 | D        | Noticed a big kobold
   368 | D        | Noticed a yellow wasp
   368 | D        | Noticed a scorpion
   368 | D        | Noticed a wight
   370 | D        | Killed a wight
   370 | D        | Reached skill level 7 in Fighting
   370 | D        | Reached skill level 1 in Dodging
   370 | D        | Reached XP level 4. HP: 41/41 MP: 1/1
   375 | D        | Killed a scorpion
   378 | D        | Killed a yellow wasp
   378 | D        | Reached skill level 8 in Fighting
   378 | D        | Reached skill level 5 in Polearms
   378 | D        | Reached XP level 5. HP: 32/49 MP: 1/1
   383 | D        | Killed a big kobold
   383 | D        | Reached skill level 9 in Fighting
   383 | D        | Reached XP level 6. HP: 37/58 MP: 2/2
   387 | D        | Killed a wight
   387 | D        | Acquired Okawaru's first power
   545 | D        | Noticed a necrophage
   545 | D        | Noticed a giant frog
   545 | D        | Noticed a wight
   545 | D        | Noticed a big kobold
   545 | D        | Noticed a yak
   545 | D        | Noticed a cyclops
   550 | D        | Killed a cyclops
   550 | D        | Reached skill level 11 in Fighting
   550 | D        | Reached skill level 5 in Dodging
   550 | D        | Reached XP level 7. HP: 36/67 MP: 2/2
   557 | D        | Killed a yak
   557 | D        | Reached skill level 12 in Fighting
   561 | D        | Killed a big kobold
   562 | D        | Killed a wight
   564 | D        | Killed a giant frog
   564 | D        | Reached XP level 8. HP: 31/75 MP: 2/2
   566 | D        | Killed a necrophage
   874 | D        | Noticed an agate snail
   874 | D        | Noticed a spiny frog
   874 | D        | Noticed a yak
   874 | D        | Noticed a porcupine
   878 | D        | Noticed a giant slug
   879 | D        | Killed a porcupine
   879 | D        | Reached skill level 10 in Polearms
   883 | D        | Killed a yak
   893 | D        | Killed a spiny frog
   893 | D        | Reached skill level 13 in Fighting
   902 | D        | Killed an agate snail
   910 | D        | Killed a giant slug
   968 | D        | Noticed a hound
   968 | D        | Noticed a yak
   968 | D        | Noticed a crocodile
   968 | D        | Noticed a crocodile
   972 | D        | Noticed a water moccasin
   972 | D        | Killed a crocodile
   978 | D        | Killed a crocodile
   982 | D        | Noticed a crocodile
   982 | D        | Reached XP level 9. HP: 78/84 MP: 3/3
   991 | D        | Killed a yak
   992 | D        | Killed a hound
   999 | D        | Killed a water moccasin
  1002 | D        | Killed a crocodile
  1016 | D        | Noticed a lindwurm
  1016 | D        | Noticed a brain worm
  1016 | D        | Noticed a lindwurm
  1016 | D        | Noticed a lindwurm
  1016 | D        | Noticed a spiny worm
  1026 | D        | Killed a spiny worm
  1026 | D        | Reached skill level 14 in Fighting
  1028 | D        | Noticed a lindwurm
  1035 | D        | HP: 1/84 [lindwurm/blast of flame (30)]
  1036 | D        | Killed a lindwurm
  1038 | D        | Killed from afar by a lindwurm

Action                   |  1- 3 |  4- 6 |  7- 9 || total
-------------------------+-------+-------+-------++-------
Melee: Trident           |    34 |       |       ||    34
       Halberd           |     2 |    21 |   105 ||   128
Evoke: Wand              |       |       |     2 ||     2
  Use: Scroll            |       |       |     1 ||     1
